 Dungeon Crawl Stone Soup version 0.23-a0-79-gaa8cc03 (webtiles) character file.

717 jjfam the Covered (level 7, 0/63 HPs)
             Began as a Deep Dwarf Fighter on Aug 11, 2018.
             Was an Initiate of Makhleb.
             Slain by an orc warrior
             ... wielding a +0 trident
              (11 damage)
             ... on level 5 of the Dungeon.
             The game lasted 00:12:50 (2900 turns).

jjfam the Covered (Deep Dwarf Fighter)              Turns: 2900, Time: 00:12:51

Health: 0/63       AC: 12    Str: 21    XL:     7   Next: 42%
Magic:  3/3        EV:  8    Int:  9    God:    Makhleb [......]
Gold:   187        SH: 10    Dex: 12    Spells: 6/6 levels left

rFire    . . .     SeeInvis .   w - +4 club
rCold    . . .     Gourm    .   c - +0 shield
rNeg     . . .     Faith    .   b - +0 scale mail
rPois    .         Spirit   .   z - +1 helmet
rElec    .         Reflect  .   r - +0 cloak
rCorr    .         Harm     .   (no gloves)
MR       +....                  o - +0 pair of boots
Stlth    ..........             (no amulet)
HPRegen  0.00/turn              (no ring)
MPRegen  0.08/turn              (no ring)

@: non-regenerating
A: damage resistance, heal wounds, sense surroundings 1, no regeneration
a: Heal Wounds, Renounce Religion


You were on level 5 of the Dungeon.
You worshipped Makhleb.
Makhleb was noncommittal.
You were hungry.

You visited 1 branch of the dungeon, and saw 5 of its levels.

You collected 187 gold pieces.

Inventory:

Hand Weapons
 a - a +0 war axe
 w - a +4 club (weapon)
Armour
 b - a +0 scale mail (worn)
 c - a +0 shield (worn)
 o - a +0 pair of boots (worn)
 r - a +0 cloak (worn)
 z - a +1 helmet (worn)
Wands
 y - a wand of random effects (42)
Scrolls
 e - 2 scrolls of fear {unknown}
 g - a scroll of enchant armour {unknown}
 h - 8 scrolls of identify {unknown}
 l - 2 scrolls of fog {unknown}
 m - 2 scrolls of magic mapping {unknown}
 p - a scroll of teleportation {unknown}
 q - a scroll of random uselessness {unknown}
 s - 2 scrolls of remove curse {unknown}
 t - a scroll of immolation {unknown}
 x - a scroll of amnesia {unknown}
Potions
 d - a potion of might
 i - a potion of invisibility {unknown}
 j - 3 potions of flight {unknown}
 k - 3 potions of mutation {unknown}
 n - 3 potions of lignification {unknown}
 v - a potion of resistance {unknown}
Comestibles
 f - 9 rations


   Skills:
 + Level 3.9 Fighting
 + Level 5.2(5.4) Axes
 + Level 1.7(3.4) Maces & Flails
 + Level 5.5 Armour
 + Level 2.0 Dodging
 + Level 5.1 Shields


You had 6 spell levels left.
You didn't know any spells.
Your spell library contained the following spells:

 Spells                   Type           Power        Failure   Level  Hunger
 Magic Dart               Conj           #...         98%         1    ##.....
 Iskenderun's Mystic Bla  Conj           #.......     100%        4    #####..
 Fulminant Prism          Conj/Hex       #.........   100%        4    #####..
 Dazzling Spray           Conj/Hex       #.....       100%        3    ####...
 Force Lance              Conj/Tloc      #.......     100%        4    #####..
 Searing Ray              Conj           #.....       99%         2    ###....


Dungeon Overview and Level Annotations

Branches:
Dungeon (5/15)             Temple (0/1) D:4

Altars:
Ashenzari
Hepliaklqana
Makhleb
Uskayaw


Innate Abilities, Weirdness & Mutations

You are resistant to damage.
You can heal yourself by infusing magical energy.
You passively map a small area around you.
You do not regenerate.


Message History

You hit the orc warrior.
The orc warrior is moderately wounded.
You block the orc's attack. You block the orc warrior's attack.
The orc closely misses you.
You closely miss the orc warrior.
The orc warrior is moderately wounded.
The orc hits you but does no damage.
The orc warrior hits you with a trident!
* * * LOW HITPOINT WARNING * * *
The orc closely misses you.
You closely miss the orc warrior.
The orc warrior is moderately wounded.
The orc hits you but does no damage.
The orc warrior hits you with a trident.
You block the orc's attack.
You completely miss the orc warrior.
The orc warrior is moderately wounded.
You block the orc's attack.
The orc warrior hits you with a trident!
You die...

, *#........
, * *
.......)..
,*
*#.........,
, *
#......... ,
#...%..... ,
, * **
#......... *
#[)....... ,
#oo....... ,
* #<@o......
, #.........
, #.........
, #.........
#########.,,


You could see an orc warrior and 2 orcs.

Vanquished Creatures
  Menkaure (D:4)
  Duvessa (D:4)
  A scorpion (D:4)
  Dowan (D:4)
  An orc priest (D:3)
  3 orc wizards
  Ijyb (D:4)
  A worker ant (D:4)
  Robin (D:4)
  8 adders
  4 gnolls (D:3)
  An ooze (D:2)
  3 worms
  A dart slug (D:1)
  4 leopard geckos
  14 orcs
  4 ball pythons
  3 bats
  3 giant cockroaches
  8 goblins
  18 hobgoblins
  3 jackals (D:1)
  9 kobolds
  A quokka (D:3)
  A frilled lizard (D:4)
  3 rats
99 creatures vanquished.

Notes
Turn   | Place    | Note
-------+----------+-------------------------------------------
     0 | D:1      | jjfam the Deep Dwarf Fighter began the quest for the Orb.
     0 | D:1      | Reached XP level 1. HP: 20/20 MP: 1/1
    94 | D:1      | Reached XP level 2. HP: 28/28 MP: 1/1
   439 | D:1      | Reached XP level 3. HP: 24/34 MP: 2/2
   761 | D:2      | Reached XP level 4. HP: 21/42 MP: 3/3
   954 | D:2      | Found a hide-covered altar of Uskayaw.
  1191 | D:3      | Reached XP level 5. HP: 35/49 MP: 3/3
  1271 | D:3      | Reached skill level 1 in Dodging
  1355 | D:3      | Found a shattered altar of Ashenzari.
  1355 | D:3      | Found a burning altar of Makhleb.
  1355 | D:3      | Found a hazy altar of Hepliaklqana.
  1408 | D:3      | Became a worshipper of Makhleb the Destroyer
  1773 | D:3      | Reached XP level 6. HP: 34/56 MP: 4/4
  1971 | D:4      | Noticed Ijyb
  2010 | D:4      | Killed Ijyb
  2114 | D:4      | Noticed Robin
  2128 | D:4      | Killed Robin
  2252 | D:4      | Noticed Menkaure
  2267 | D:4      | Killed Menkaure
  2267 | D:4      | Reached skill level 5 in Axes
  2267 | D:4      | Reached skill level 5 in Armour
  2267 | D:4      | Reached XP level 7. HP: 23/63 MP: 4/4
  2345 | D:4      | Found a staircase to the Ecumenical Temple.
  2411 | D:4      | Noticed Dowan
  2432 | D:4      | Killed Dowan
  2450 | D:4      | Noticed Duvessa
  2498 | D:4      | Killed Duvessa
  2498 | D:4      | Reached skill level 1 in Maces & Flails
  2498 | D:4      | Reached skill level 5 in Shields
  2842 | D:5      | Entered Level 5 of the Dungeon
  2900 | D:5      | Slain by an orc warrior

Vault maps used:
D:1:      onia_arrival_mini_spirals, minmay_misc_feat_roman,
          minmay_misc_feat_enclosed, item_on_display_b
D:2:      lemuel_round_altar
D:3:      gammafunk_temple_overflow_forgotten, first_ration, grunt_ministairs_8,
          minmay_misc_feat_ornament
D:4:      minmay_temple_entry_glassed_door, uniq_robin, uniq_menkaure,
          uniq_duvessa, uniq_ijyb
D:5:      cheibrodos_iron_armory, hangedman_abyss_or_decor_stagger

Skill      XL: |  1  2  3  4  5  6  7 |
---------------+----------------------+-----
Fighting       | 3 |  3.9
Axes           | 3 4 5 |  5.2
Armour         | 4 5 |  5.5
Shields        | 4 5 |  5.1
Dodging        | 1 2 |  2.0
Maces & Flails | 1 |  1.7

Action                   |  1- 3 |  4- 6 |  7- 9 || total
-------------------------+-------+-------+-------++-------
Melee: War axe           |   137 |   159 |       ||   296
       Club              |       |    45 |   121 ||   166
 Abil: Heal Wounds       |     1 |    11 |     7 ||    19
  Eat: Chunk             |       |     5 |     2 ||     7
Armor: Scale mail        |    72 |    76 |    78 ||   226
Dodge: Dodged            |    54 |    75 |    61 ||   190
Block: Shield            |    69 |   119 |   136 ||   324

Table legend:
 A = Non-vault XP
 B = Vault XP
 C = Vault XP percentage of total XP
 D = Non-vault monster count
 E = Vault monster count
 F = Vault count percentage of total count
 G = Total turns spent on level
                 A         B        C        D         E       F
            +---------+---------+-------+---------+---------+-------
      Total |     567 |     458 |  44.7 |      86 |      13 |  13.1
            +---------+---------+-------+---------+---------+-------
        D:1 |      43 |       0 |   0.0 |      21 |       0 |   0.0
        D:2 |      79 |       0 |   0.0 |      16 |       0 |   0.0
        D:3 |     276 |      15 |   5.2 |      38 |       2 |   5.0
        D:4 |     121 |     443 |  78.5 |       6 |      11 |  64.7
        D:5 |      48 |       0 |   0.0 |       5 |       0 |   0.0
            +---------+---------+-------+---------+---------+-------
